Map: Romanticide LE

Players

AGOElazer (Elazer)

  • Race: Zerg Zerg
  • Spawn Location: 5:00

MaxPax - Winner!

  • Race: Protoss Protoss
  • League: Grandmaster
  • Spawn Location: 11:00

Event: DreamHack SC2 Masters 2020 Winter

VOD

Have the link to the VOD?

Description

Time

  • Played on: Oct. 24, 2020, 1:28 p.m.
  • Length: 5:10

All games in this series

Show
View Real Time Build Order
Export as new Build Order

AGOElazer Zerg 

Build Orders: Hatch First 

Get SALT Encoding   

  12  0:00  Drone  
  13  0:12  Overlord  
  13  0:17  Drone  
  14  0:30  Drone  
  14  0:31  Drone  
  16  0:48  Hatchery  
  15  0:50  Drone  
  15  0:54  Drone  
  17  0:57  Drone  
  18  1:17  Extractor  
  18  1:19  Spawning Pool  
  18  1:21  Drone, Hatchery  
  17  1:26  Drone  
  18  1:36  Drone  
  19  1:45  Drone  
  20  1:51  Overlord  
  20  2:06  Queen  
  22  2:09  Roach Warren, Zergling x2  
  22  2:25  Overlord  
  22  2:41  Drone  
  23  2:49  Roach x3  
  28  2:54  Roach  
  28  2:57  Drone  
  31  2:58  Queen  
  31  3:03  Spine Crawler  
  32  3:06  Overlord  
  32  3:09  Ravager  
  33  3:15  Spine Crawler  
  33  3:18  Ravager  
  32  3:34  Queen  
  32  3:35  Roach x2  
  32  3:38  Drone x2  
  40  3:49  Overlord  
  40  3:57  Roach  
  40  3:58  Roach  
  42  4:04  Roach  
  44  4:13  Queen  
  46  4:27  Roach x2  
  48  4:33  Roach, Zergling x2  
  48  4:34  Zergling x4  
  49  4:49  Roach x2  
Show
View Real Time Build Order
Export as new Build Order

MaxPax Protoss - Winner!

Build Orders:  

Get SALT Encoding   

  12  0:00  Probe  
  13  0:12  Probe  
  14  0:17  Pylon  
  14  0:24  Probe  
  15  0:36  Probe  
  15  0:39  Forge  
  16  0:55  Probe  
  17  0:59  Pylon  
  17  1:07  Pylon  
  17  1:10  Pylon  
  17  1:17  Photon Cannon  
  17  1:19  Gateway  
  17  1:25  Assimilator  
  17  1:29  Pylon  
  17  1:33  Probe  
  18  1:47  Photon Cannon  
  18  1:49  Probe  
  18  1:53  Assimilator  
  19  2:06  Cybernetics Core  
  20  2:09  Zealot (Chrono Boost)  
  20  2:13  Probe  
  22  2:24  Photon Cannon  
  22  2:26  Probe  
  23  2:38  Probe  
  24  2:48  Stalker (Chrono Boost)  
  26  2:52  Shield Battery  
  26  2:54  Shield Battery  
  26  3:08  Stalker (Chrono Boost), Photon Cannon  
  28  3:23  Pylon  
  26  3:28  Stalker (Chrono Boost)  
  28  3:35  Shield Battery  
  28  3:42  Shield Battery  
  28  3:51  Stalker  
  30  3:59  Shield Battery  
  30  4:01  Shield Battery  
  29  4:07  Pylon  
  29  4:20  Pylon  
  29  4:23  Stalker (Chrono Boost)  
  31  4:32  Shield Battery  
  31  4:40  Shield Battery  
  31  4:41  Shield Battery  
  31  4:47  Shield Battery  
  31  4:48  Shield Battery  
  33  4:57  Shield Battery  
  31  5:01  Shield Battery  
  31  5:03  Shield Battery  
Tags
 
Add a new tag
Caveats
  • Supply blocks, unpowered buildings, or Contaminate may cause inaccurate times.
  • Supply counts are checked every 10 seconds.